 Dungeon Crawl Stone Soup version 0.17.0-25-gefc9c12 (webtiles) character file.

30 4thArraOfDagon the Gusty (level 3, -10/14 HPs)
             Began as a Felid Air Elementalist on Nov 18, 2015.
             Killed by divine providence
             ... invoked by an orc priest
              (14 damage)
             ... on level 6 of the Dungeon.
             The game lasted 00:06:42 (759 turns).

4thArraOfDagon the Gusty (Felid Air Elementalist)    Turns: 759, Time: 00:06:42

Health: -10/14     AC:  1    Str:  4    XL:     3   Next: 3%
Magic:  4/7        EV: 18    Int: 17    God:
Gold:   51         SH:  0    Dex: 16    Spells: 2 memorised, 3 levels left
                                        Lives:  0   Deaths: 0

rFire  . . .     SeeInvis +     (weapon unavailable)
rCold  . . .     Clarity  .     (armour unavailable)
rNeg   . . .     SustAt   .     (shield unavailable)
rPois  .         Gourm    .     (helmet unavailable)
rElec  .         Spirit   .     (cloak unavailable)
rCorr  .         Warding  .     (gloves unavailable)
rMut   .         Stasis   .     (boots unavailable)
MR     .....                    (no amulet)
Stlth  +++.......               (no ring)
                                (no ring)

@: repel missiles, quick, not resistant to hostile enchantments, fairly stealthy
A: no armour, no weapons or thrown items, claws 1, fangs 3, see invisible,
carnivore 3, speed 1, shaggy fur 1, slow metabolism 1, sharp paws
a: no special abilities


You were on level 6 of the Dungeon.
You were very full.

You visited 1 branch of the dungeon, and saw 6 of its levels.

You collected 51 gold pieces.

Inventory:

Scrolls
 c - a scroll of teleportation {unknown}
 d - a scroll of fear
 e - a scroll of enchant armour {unknown}
 h - a scroll of random uselessness {unknown}
Potions
 g - a potion of heal wounds {unknown}
Books
 a - a book of Air

   Spells                             Type                      Level
   a - Shock                          Conjuration/Air              1
   b - Swiftness                      Charms/Air                   2
   c - Repel Missiles                 Charms/Air                   2
   d - Static Discharge               Conjuration/Air              3
   e - Lightning Bolt                 Conjuration/Air              5
Comestibles
 b - 2 meat rations
 f - a slice of pizza


   Skills:
 + Level 0.0 Fighting
 + Level 2.6 Dodging
 + Level 2.6 Stealth
 * Level 0.0 Unarmed Combat
 - Level 2.0 Spellcasting
 - Level 1.9 Conjurations
 - Level 3.3 Air Magic


You had 3 spell levels left.
You knew the following spells:

 Your Spells              Type           Power        Failure   Level  Hunger
a - Shock                 Conj/Air       ##..         10%         1    #......
b - Repel Missiles        Chrm/Air       #.....       17%         2    ###....


Dungeon Overview and Level Annotations

Branches:
Dungeon (6/15)
 Temple: D:4-7

Altars:
Gozag
Sif Muna
Xom

Shops:
D:5 =


Innate Abilities, Weirdness & Mutations

You cannot wear armour.
You are incapable of wielding weapons or throwing items.
You have sharp claws.
You have razor-sharp teeth.
You have supernaturally acute eyesight.
You are carnivorous and can eat meat at any time.
You cover ground quickly.
You are covered in fur (AC +1).
You have a slow metabolism.
Your sharp claws are effective at attacking unaware monsters.


Message History

Found a robe.
Unknown command.
Found a stone staircase leading down.
Found a dire flail.
Unknown command.
Found a mace and a meat ration.
Unknown command.
An orc and an orc priest come into view.
The orc priest shouts!
The orc moves out of view.
An orc wizard comes into view. It is wielding a dagger.
An orc wizard comes into view. It is wielding a dagger.
Unknown command.
An orc comes into view. It is wielding a short sword.
Unknown command.
Unknown command.
The orc priest calls down the wrath of Beogh upon you.
Something smites you!
Ouch! That really hurt!
You die...

#.##.# #.##[# #.##.#
####
#.##.#############...#
##.##............)..oo.
..................)o.. #
........##.#......o##...
##########.#...........o
#......@..###
#####.%.### #...# #####


You could see an orc priest, 2 orc wizards and 2 orcs.

Vanquished Creatures
  An adder (D:2)
  A giant gecko (D:3)
  3 orcs
  A giant cockroach (D:2)
  2 hobgoblins
  A bat (D:1)
  A giant newt (D:3)
  A goblin (D:3)
  3 kobolds
  3 rats
17 creatures vanquished.

Notes
Turn   | Place    | Note
--------------------------------------------------------------
     0 | D:1      | 4thArraOfDagon the Felid Air Elementalist began the quest for the Orb.
     0 | D:1      | Reached XP level 1. HP: 7/7 MP: 4/4
    12 | D:1      | Reached skill level 1 in Conjurations
   142 | D:3      | Reached skill level 3 in Air Magic
   161 | D:3      | Found a deep blue altar of Sif Muna.
   171 | D:3      | Reached XP level 2. HP: 6/11 MP: 4/6
   188 | D:3      | Learned a level 2 spell: Repel Missiles
   231 | D:3      | Noticed an orc priest
   287 | D:3      | Found a shimmering altar of Xom.
   343 | D:3      | Found an opulent altar of Gozag.
   523 | D:5      | Entered Level 5 of the Dungeon
   579 | D:4      | Reached XP level 3. HP: 12/14 MP: 3/7
   725 | D:5      | Found Kaepomad's Jewellery Shoppe.
   726 | D:5      | Noticed a centaur
   759 | D:6      | Killed from afar by an orc priest

Action                   || total
-------------------------++-------
Melee: Unarmed           ||    10
 Cast: Shock             ||    27
       Repel Missiles    ||     1
  Use: Scroll            ||     1
 Stab: Sleeping          ||     4
  Eat: Chunk             ||     7
